SAA
MYRTLE BEACH MERMEN @ TACOMA FUR TRADERS
07/26/2028
 
TOP OF THE 1ST
Myrtle Beach Mermen batting - Pitching for Tacoma Fur Traders : RHP Trevor Brohard
Pitching: RHP Trevor Brohard
Batting: RHB Sixto Estrada 0-0: Ball
1-0: Called Strike
1-1: SINGLE (Groundball, 3D)
Batting: RHB Carlos González 0-0: Ball
1-0: Called Strike
1-1: Ball
2-1: Ball
3-1: Fly out, F4 (Popup, 4)
Batting: LHB Juan Villanueva 0-0: Ball
Sixto Estrada is caught stealing 2nd base
1-0: Ball
2-0: Ball
3-0: Base on Balls
Batting: RHB Éric Leroux 0-0: Ball
1-0: Swinging Strike
1-1: Swinging Strike
1-2: Strikes out swinging
Top of the 1st over - 0 run(s), 1 hit(s), 0 error(s), 1 left on base; Myrtle Beach 0 - Tacoma 0
BOTTOM OF THE 1ST
Tacoma Fur Traders batting - Pitching for Myrtle Beach Mermen : RHP Jorge Vázquez
Pitching: RHP Jorge Vázquez
Batting: RHB Tim Lehman 0-0: Ground out U3 (Groundball, 3S)
Batting: LHB Ryan Marken 0-0: Fly out, F8 (Flyball, 8RM)
Batting: RHB Ken Bone 0-0: SINGLE (Groundball, 56D)
Batting: RHB Luis Flores 0-0: Ball
1-0: Ground out 3-1 (Groundball, 34)
Bottom of the 1st over - 0 run(s), 1 hit(s), 0 error(s), 1 left on base; Myrtle Beach 0 - Tacoma 0
TOP OF THE 2ND
Myrtle Beach Mermen batting - Pitching for Tacoma Fur Traders : RHP Trevor Brohard
Batting: LHB Shigenobu Ohayashi 0-0: SINGLE (Groundball, 3) (infield hit)
Batting: RHB Fernando Martínez 0-0: Foul Ball, location: 2F
0-1: Called Strike
0-2: Ball
1-2: Ball
2-2: Strikes out swinging
Batting: LHB Marcos Costa 0-0: Ball
Shigenobu Ohayashi steals 2nd base
1-0: Ball
2-0: Ground out 5-3 (Groundball, 56)
Batting: RHB Mark Frisby 0-0: Called Strike
0-1: Foul Ball, location: 2F
0-2: Ball
1-2: Ground out 5-3 (Groundball, 5)
Top of the 2nd over - 0 run(s), 1 hit(s), 0 error(s), 1 left on base; Myrtle Beach 0 - Tacoma 0
BOTTOM OF THE 2ND
Tacoma Fur Traders batting - Pitching for Myrtle Beach Mermen : RHP Jorge Vázquez
Batting: SHB Carlos Alicea 0-0: SINGLE (Line Drive, 78M)
Batting: RHB Nick Boyd 0-0: Ball
1-0: Foul Ball, location: 2F
1-1: Ball
2-1: Ball
3-1: Base on Balls
Carlos Alicea to second
Batting: RHB Gustavo González 0-0: Grounds into double play, 1-6-3 (Groundball, 13S)
Carlos Alicea to third
Batting: SHB Dave Gant 0-0: Ground out 6-3 (Groundball, 6)
Bottom of the 2nd over - 0 run(s), 1 hit(s), 0 error(s), 1 left on base; Myrtle Beach 0 - Tacoma 0
TOP OF THE 3RD
Myrtle Beach Mermen batting - Pitching for Tacoma Fur Traders : RHP Trevor Brohard
Batting: LHB Philip Strickland 0-0: Ball
1-0: Ball
2-0: Called Strike
2-1: Foul Ball, location: 2F
2-2: Strikes out looking
Batting: RHB Sixto Estrada 0-0: Ball
1-0: Ball
2-0: Called Strike
2-1: DOUBLE (Line Drive, 8RXD)
Batting: RHB Carlos González 0-0: Called Strike
Sixto Estrada steals 3rd base
0-1: Foul Ball, location: 2F
0-2: Ball
1-2: SINGLE (Groundball, 6MD)
Sixto Estrada scores
Batting: LHB Juan Villanueva 0-0: Swinging Strike
0-1: Ball
Wild Pitch!
Carlos González to second
1-1: Ball
2-1: Swinging Strike
2-2: Foul Ball, location: 2F
2-2: Ball
3-2: Foul Ball, location: 2F
3-2: Fly out, F8 (Flyball, 8LM)
Batting: RHB Éric Leroux 0-0: Ball
1-0: Swinging Strike
1-1: Foul Ball, location: 2F
1-2: Ball
2-2: Ground out 4-3 (Groundball, 4MS)
Top of the 3rd over - 1 run(s), 2 hit(s), 0 error(s), 1 left on base; Myrtle Beach 1 - Tacoma 0
BOTTOM OF THE 3RD
Tacoma Fur Traders batting - Pitching for Myrtle Beach Mermen : RHP Jorge Vázquez
Batting: RHB Roberto Aguirre 0-0: Called Strike
0-1: Foul Ball, location: 2F
0-2: Ball
1-2: Strikes out looking
Batting: RHB Tim Lehman 0-0: Ball
1-0: Foul Ball, location: 2F
1-1: DOUBLE (Groundball, 5L)
Batting: LHB Ryan Marken 0-0: Ball
1-0: Ball
2-0: Ball
3-0: Called Strike
3-1: Base on Balls
Batting: RHB Ken Bone 0-0: Ball
1-0: Ball
2-0: Foul Ball, location: 2F
2-1: Ball
3-1: Grounds into double play, 6-4-3 (Groundball, 6)
Bottom of the 3rd over - 0 run(s), 1 hit(s), 0 error(s), 1 left on base; Myrtle Beach 1 - Tacoma 0
TOP OF THE 4TH
Myrtle Beach Mermen batting - Pitching for Tacoma Fur Traders : RHP Trevor Brohard
Batting: LHB Shigenobu Ohayashi 0-0: Ball
1-0: Ball
2-0: Ball
3-0: Called Strike
3-1: Called Strike
3-2: Fly out, F9 (Flyball, 9D)
Batting: RHB Fernando Martínez 0-0: Called Strike
0-1: Ball
1-1: Swinging Strike
1-2: Foul Ball, location: 2F
1-2: Ball
2-2: Ball
3-2: Foul Ball, location: 2F
3-2: SINGLE (Flyball, 8LS)
Batting: LHB Marcos Costa 0-0: Called Strike
0-1: Called Strike
0-2: Ball
1-2: DOUBLE (Line Drive, 7LM)
Fernando Martínez to third
Runner from 3rd tries for Home, SAFE, no throw
Batting: RHB Mark Frisby 0-0: Ball
Marcos Costa steals 3rd base
1-0: Ball
2-0: Ball
3-0: Base on Balls
Batting: LHB Philip Strickland 0-0: Called Strike
Mark Frisby steals 2nd base
0-1: Foul Ball, location: 2F
0-2: Ball
Wild Pitch!
Marcos Costa scores
Mark Frisby to third
1-2: Ball
2-2: Ball
3-2: Fly out, F7 (Flyball, 7)
Runner from 3rd tags up, SCORES, no throw
Batting: RHB Sixto Estrada 0-0: Called Strike
0-1: Called Strike
0-2: Ball
1-2: Strikes out swinging
Top of the 4th over - 3 run(s), 2 hit(s), 0 error(s), 0 left on base; Myrtle Beach 4 - Tacoma 0
BOTTOM OF THE 4TH
Tacoma Fur Traders batting - Pitching for Myrtle Beach Mermen : RHP Jorge Vázquez
Batting: RHB Luis Flores 0-0: Called Strike
0-1: Ground out 4-3 (Groundball, 4)
Batting: SHB Carlos Alicea 0-0: Ball
1-0: Ball
2-0: Called Strike
2-1: Foul Ball, location: 2F
2-2: Fly out, F8 (Flyball, 8LM)
Batting: RHB Nick Boyd 0-0: Ball
1-0: Ball
2-0: Called Strike
2-1: Ball
3-1: Base on Balls
Batting: RHB Gustavo González 0-0: Called Strike
0-1: Fly out, F8 (Flyball, 8LS)
Bottom of the 4th over - 0 run(s), 0 hit(s), 0 error(s), 1 left on base; Myrtle Beach 4 - Tacoma 0
TOP OF THE 5TH
Myrtle Beach Mermen batting - Pitching for Tacoma Fur Traders : RHP Trevor Brohard
Batting: RHB Carlos González 0-0: Foul Ball, location: 2F
0-1: Foul Ball, location: 2F
0-2: Ground out 6-3 (Groundball, 56)
Batting: LHB Juan Villanueva 0-0: Foul Ball, location: 2F
0-1: Ball
1-1: SINGLE (Line Drive, 7S)
Batting: RHB Éric Leroux 0-0: Ball
1-0: Called Strike
1-1: Ball
2-1: Foul Ball, location: 2F
2-2: Ball
3-2: Fly out, F4 (Popup, 3D)
Batting: LHB Shigenobu Ohayashi 0-0: Swinging Strike
0-1: Called Strike
0-2: Ball
1-2: SINGLE (Line Drive, 9S)
Juan Villanueva to second
Juan Villanueva to third
Batting: RHB Fernando Martínez 0-0: Ball
1-0: Called Strike
1-1: SINGLE (Flyball, 9LM)
Juan Villanueva scores
Shigenobu Ohayashi to second
Throwing error, E9
Shigenobu Ohayashi scores
Fernando Martínez to second
Pitching: LHP Oliverios Cayetano
Batting: LHB Marcos Costa 0-0: Ball
1-0: Foul Ball, location: 2F
1-1: Foul Ball, location: 2F
1-2: Ball
2-2: Foul Ball, location: 2F
2-2: Strikes out swinging
Top of the 5th over - 2 run(s), 3 hit(s), 1 error(s), 1 left on base; Myrtle Beach 6 - Tacoma 0
BOTTOM OF THE 5TH
Tacoma Fur Traders batting - Pitching for Myrtle Beach Mermen : RHP Jorge Vázquez
Batting: SHB Dave Gant 0-0: Ball
1-0: Called Strike
1-1: Foul Ball, location: 2F
1-2: Strikes out swinging
Batting: RHB Roberto Aguirre 0-0: Ball
1-0: Swinging Strike
1-1: Foul Ball, location: 2F
1-2: Fly out, F8 (Flyball, 8LS)
Batting: RHB Tim Lehman 0-0: Ground out 5-3 (Groundball, 5S)
Bottom of the 5th over - 0 run(s), 0 hit(s), 0 error(s), 0 left on base; Myrtle Beach 6 - Tacoma 0
TOP OF THE 6TH
Myrtle Beach Mermen batting - Pitching for Tacoma Fur Traders : LHP Oliverios Cayetano
Batting: RHB Mark Frisby 0-0: Called Strike
0-1: Fly out, F9 (Flyball, 9)
Batting: LHB Philip Strickland 0-0: Ground out 4-3 (Groundball, 4)
Batting: RHB Sixto Estrada 0-0: Called Strike
0-1: Ball
1-1: Called Strike
1-2: Ball
2-2: Strikes out swinging
Top of the 6th over - 0 run(s), 0 hit(s), 0 error(s), 0 left on base; Myrtle Beach 6 - Tacoma 0
BOTTOM OF THE 6TH
Tacoma Fur Traders batting - Pitching for Myrtle Beach Mermen : RHP Jorge Vázquez
Batting: LHB Ryan Marken 0-0: Called Strike
0-1: Fly out, F9 (Flyball, 9)
Batting: RHB Ken Bone 0-0: Ball
1-0: Swinging Strike
1-1: Foul Ball, location: 2F
1-2: Strikes out looking
Batting: RHB Luis Flores 0-0: Ball
1-0: Called Strike
1-1: Ball
2-1: Swinging Strike
2-2: Ball
3-2: Strikes out swinging
Bottom of the 6th over - 0 run(s), 0 hit(s), 0 error(s), 0 left on base; Myrtle Beach 6 - Tacoma 0
TOP OF THE 7TH
Myrtle Beach Mermen batting - Pitching for Tacoma Fur Traders : LHP Oliverios Cayetano
Batting: RHB Carlos González 0-0: Ball
1-0: Ball
2-0: Swinging Strike
2-1: Ball
3-1: Foul Ball, location: 2F
3-2: Base on Balls
Batting: LHB Juan Villanueva 0-0: Swinging Strike
0-1: Ball
1-1: Called Strike
1-2: Foul Ball, location: 2F
1-2: Ball
2-2: Ball
3-2: Grounds into double play, 3-6-3 (Groundball, 3)
Batting: RHB Éric Leroux 0-0: Fly out, F7 (Flyball, 78S)
Top of the 7th over - 0 run(s), 0 hit(s), 0 error(s), 0 left on base; Myrtle Beach 6 - Tacoma 0
BOTTOM OF THE 7TH
Tacoma Fur Traders batting - Pitching for Myrtle Beach Mermen : RHP Jorge Vázquez
Batting: SHB Carlos Alicea 0-0: Called Strike
0-1: Ball
1-1: Foul Ball, location: 2F
1-2: Ball
2-2: Ball
3-2: Fly out, F8 (Line Drive, 8RM)
Batting: RHB Nick Boyd 0-0: Ball
1-0: Called Strike
1-1: Ball
2-1: Foul Ball, location: 2F
2-2: Ball
3-2: SINGLE (Line Drive, 7S)
Batting: RHB Gustavo González 0-0: Called Strike
0-1: Ball
1-1: Ball
2-1: Ball
3-1: Called Strike
3-2: Foul Ball, location: 2F
3-2: SINGLE (Groundball, 56D)
Nick Boyd to second
Batting: SHB Dave Gant 0-0: Ball
1-0: Foul Ball, location: 2F
1-1: Foul Ball, location: 2F
1-2: Ball
2-2: Fielders Choice at 2nd, 1-4 (Groundball, 15S)
Nick Boyd to third
Batting: RHB Roberto Aguirre 0-0: Foul Ball, location: 2F
0-1: Ball
1-1: Ball
2-1: Foul Ball, location: 2F
2-2: Strikes out swinging, 2-3 out at first.
Bottom of the 7th over - 0 run(s), 2 hit(s), 0 error(s), 2 left on base; Myrtle Beach 6 - Tacoma 0
TOP OF THE 8TH
Myrtle Beach Mermen batting - Pitching for Tacoma Fur Traders : LHP Oliverios Cayetano
Batting: LHB Shigenobu Ohayashi 0-0: Ball
1-0: Called Strike
1-1: Ball
2-1: Swinging Strike
2-2: Ball
3-2: Strikes out swinging
Batting: RHB Fernando Martínez 0-0: DOUBLE (Line Drive, 5D)
Batting: LHB Marcos Costa 0-0: Called Strike
0-1: Foul Ball, location: 2F
0-2: Fly out, F7 (Flyball, 7S)
Batting: RHB Mark Frisby 0-0: Called Strike
0-1: Reached on error, E3 (Groundball, 34S)
Fernando Martínez to third
Batting: LHB Philip Strickland 0-0: Ball
1-0: Called Strike
1-1: Foul Ball, location: 2F
1-2: Ball
2-2: Ball
3-2: Foul Ball, location: 2F
3-2: SINGLE (Groundball, 34D)
Fernando Martínez scores
Mark Frisby to second
Mark Frisby to third
Batting: RHB Sixto Estrada 0-0: Called Strike
0-1: Ball
1-1: Fly out, F3 (Popup, 3L)
Top of the 8th over - 1 run(s), 2 hit(s), 1 error(s), 2 left on base; Myrtle Beach 7 - Tacoma 0
BOTTOM OF THE 8TH
Tacoma Fur Traders batting - Pitching for Myrtle Beach Mermen : RHP Jorge Vázquez
Now at 2B: Sal Haynes
Batting: RHB Tim Lehman 0-0: Ball
1-0: Ball
2-0: Ball
3-0: Base on Balls
Batting: LHB Ryan Marken 0-0: Ball
1-0: Grounds into double play, 5-4-3 (Groundball, 5)
Batting: RHB Ken Bone 0-0: Foul Ball, location: 2F
0-1: Swinging Strike
0-2: Ground out 6-3 (Groundball, 6)
Bottom of the 8th over - 0 run(s), 0 hit(s), 0 error(s), 0 left on base; Myrtle Beach 7 - Tacoma 0
TOP OF THE 9TH
Myrtle Beach Mermen batting - Pitching for Tacoma Fur Traders : LHP Oliverios Cayetano
Batting: RHB Carlos González 0-0: Ball
1-0: Swinging Strike
1-1: Ball
2-1: Ball
3-1: Called Strike
3-2: Foul Ball, location: 2F
3-2: Ground out 6-3 (Groundball, 6)
Batting: LHB Juan Villanueva 0-0: Ball
1-0: Called Strike
1-1: Foul Ball, location: 2F
1-2: Foul Ball, location: 2F
1-2: SINGLE (Flyball, 7LS)
Batting: RHB Éric Leroux 0-0: Foul Ball, location: 2F
0-1: Ball
Juan Villanueva is caught stealing 2nd base
1-1: Swinging Strike
1-2: Ground out 4-3 (Groundball, 4)
Top of the 9th over - 0 run(s), 1 hit(s), 0 error(s), 0 left on base; Myrtle Beach 7 - Tacoma 0
BOTTOM OF THE 9TH
Tacoma Fur Traders batting - Pitching for Myrtle Beach Mermen : RHP Jorge Vázquez
Batting: RHB Luis Flores 0-0: Fly out, F8 (Flyball, 8RM)
Batting: SHB Carlos Alicea 0-0: Ball
1-0: Ball
2-0: Ball
3-0: Called Strike
3-1: Base on Balls
Batting: RHB Nick Boyd 0-0: Ball
1-0: Ball
2-0: Ball
Passed Ball!
Carlos Alicea to second
3-0: Base on Balls
Batting: RHB Gustavo González 0-0: Ball
1-0: Ball
2-0: Called Strike
2-1: Ball
3-1: Foul Ball, location: 2F
3-2: Strikes out swinging
Pitching: RHP Daniel McGovern
Batting: SHB Dave Gant 0-0: Called Strike
0-1: Called Strike
0-2: Fly out, F3 (Line Drive, 3)
Bottom of the 9th over - 0 run(s), 0 hit(s), 0 error(s), 2 left on base; Myrtle Beach 7 - Tacoma 0
Friday, August 18th, 2017 - OOTP Baseball 17.12 Build 75